woodfighter, neutral female human Tourist ; ; ..` %%' %@' X.P ; woodfighter the Traveler Experience level: 14 Strength: 17 Dexterity: 17 Constitution: 17 Intelligence: 13 Wisdom: 9 Charisma: 16 Health: 0(138) Energy: 54(54) Def: 37 Gold: 15 Moves: 33572 Dungeon seed: susvmgQs5tbKiPv1 Game ID: woodfighter_1529134392 Your Inventory: Coins $ - 15 gold pieces Amulets A - an uncursed amulet of reflection (being worn) Weapons a - the blessed +6 Grayswandir (weapon in hand) b - a blessed +6 silver saber (wielded in other hand) c - 50 blessed +6 darts (in quiver) Armor e - a blessed greased +5 gray dragon scale mail (being worn) r - a blessed +4 Hawaiian shirt (being worn) z - an uncursed +0 pair of leather gloves (being worn) B - an uncursed +0 helm of telepathy (being worn) N - an uncursed +0 pair of elven boots (being worn) Y - a blessed +3 cloak of protection (being worn) Comestibles l - 4 uncursed food rations Z - an uncursed lizard corpse Potions C - a cursed potion of object detection D - an uncursed potion of healing Rings v - an uncursed ring of fire resistance (on left hand) T - an uncursed +1 ring of protection (on right hand) Wands d - a wand of fire (0:8) f - a wand of teleportation (0:6) g - a wand of digging (0:5) E - a wand of speed monster (0:4) Tools m - a blessed oil lamp (0:324) q - a -4 unicorn horn s - a blessed bag of holding w - an uncursed magic whistle y - an uncursed skeleton key W - an uncursed towel Gems x - a blessed luckstone Contents of the bag of holding: an uncursed amulet of life saving 105 blessed +6 darts an uncursed +0 mummy wrapping an uncursed -1 pair of levitation boots an uncursed lizard corpse an uncursed sprig of wolfsbane a [uncursed] potion of oil an uncursed ring of conflict a wand of death (0:0) a can of grease (0:3) a +0 pick-axe a +0 unicorn horn Spells and supernatural/magical abilities: Name Level Category Fail Memory W - pray for help -- divine ? -- Your skills at the end: Miscellaneous Skills two weapon combat [Skilled] wands [Basic] Weapon Skills saber [Skilled] dart [Expert] Spellcasting Skills Final Attributes: You were devoutly aligned. You were fire resistant. You were cold resistant. You were poison resistant. You were magic-protected. You resisted hallucinations. You were confused. You saw invisible. You were telepathic. You had automatic searching. You were invisible to others. You were very stealthy. You were protected. You had reflection. You were wielding two weapons at once. You were very lucky. You had extra luck. Good luck did not time out for you. You are dead. Vanquished creatures: Croesus a titan a jabberwock a young silver dragon a young white dragon a gryphon a vampire lord a captain 3 nurses an Aleax a golden naga a black pudding 2 ghosts 2 ettins 7 lieutenants a watch captain a mind flayer 3 giant mimics 3 fire giants an ogre king 4 rock trolls a flesh golem a wumpus 2 baby long worms a baby purple worm 2 couatls 4 stalkers an earth elemental 2 black nagas 7 elf-lords a xorn a giant zombie 14 sergeants a warg 4 quantum mechanics 5 small mimics 2 glass piercers a xan an ettin mummy 3 ogre lords 17 trolls a sasquatch a pyrolisk 2 large dogs a freezing sphere a flaming sphere 2 shocking spheres 3 tigers 5 gargoyles 4 tengu 2 gelatinous cubes 3 ochre jellies a crocodile 4 chameleons 3 leocrottas a mountain centaur a giant 2 green slimes a Grey-elf a pit viper a cobra 3 wraiths 92 soldiers 4 watchmen a succubus 3 giant beetles 2 cockatrices 6 wolves 3 winter wolf cubs a black light 3 lynxes 2 panthers a gremlin 2 leprechauns a quivering blob 2 spotted jellies 6 lizards a mountain nymph an orc-captain 4 giant spiders 2 scorpions an iron piercer 2 ice vortices a vampire bat 2 forest centaurs 9 gnome kings an orc mummy 4 dwarf mummies a brown pudding 5 Green-elves a rust monster 3 owlbears 4 yetis a gold golem 3 werewolves 4 giant eels 2 chickatrices a dog 3 dingos 2 housecats 5 jaguars 8 dwarf lords a blue jelly a water nymph 3 white unicorns 2 dust vortices 2 ravens 3 plains centaurs 2 gnome mummies 9 Woodland-elves 3 snakes a water moccasin 4 apes 3 human zombies 3 rope golems 4 soldier ants 5 fire ants 4 yellow lights 17 bugbears 2 imps 3 wood nymphs 9 Mordor orcs 15 Uruk-hai 5 orc shamans 2 rock moles 3 rock piercers a pony 6 fog clouds 4 shriekers 4 violet fungi 18 gnome lords 10 gnomish wizards 2 kobold mummies 3 red naga hatchlings a gray ooze a barrow wight 13 elf zombies 2 ghouls 2 paper golems 10 giant ants 2 puppies 5 floating eyes 5 kittens 17 dwarves 2 homunculi 5 kobold lords 4 kobold shamans 14 iguanas 22 hill orcs 4 rothes 4 rabid rats 2 centipedes 6 jitterbugs 3 giant bats 3 monkeys 8 orc zombies 5 dwarf zombies 14 killer bees 6 coyotes 3 gas spores 10 hobbits an acid blob 7 large kobolds 10 geckos 19 hobgoblins 5 giant rats 8 cave spiders a sylph 4 brown molds 2 yellow molds 2 red molds 69 gnomes 7 garter snakes 4 manes 6 gnome zombies 18 jackals 3 foxes 2 kobolds 14 newts 13 goblins 3 sewer rats 13 grid bugs 9 bats 9 lichens 4 kobold zombies 912 creatures vanquished. Genocided species: wood nymphs water nymphs mountain nymphs island nymphs liches demiliches master liches arch-liches 8 species genocided. Voluntary challenges: You were not displaced. You used a wielded weapon 544 times, starting on turn 6294. You did not use plumbed fixtures. You read items or engraved 33 times, starting on turn 1245. You genocided 8 types of monsters, starting on turn 26231. You never polymorphed an object. You never changed form. You completed Sokoban on turn 7383, according to the rules. You used 2 wishes, starting on turn 14764. You wished for your your first artifact on turn 16370. You never split a pudding. You never wrote Elbereth's name. You violated your moral code, losing 12 points of alignment, starting on turn 9935. Dungeon overview: The Dungeons of Doom: levels 1 to 22 Level 1 a fountain a long staircase Level 2 a fountain, a sink Level 3 stairs to The Gnomish Mines Level 4 many altars to Blind Io, The Lady, and Offler, a fountain Level 5 (throne) Level 6 Level 7 a fountain Level 8 many fountains Level 9 (vault) an armor shop, a fountain stairs to Sokoban Level 10 Level 11 an altar to Blind Io, some fountains Level 12 portal to Fort Ludios Level 13 Level 14 an altar to The Lady, a fountain Level 15 (quest) a fountain Level 16 (rogue) Level 17 a fountain Level 18 a scroll shop, a fountain Level 19 Level 20 Level 21 Level 22 <- You were here The Gnomish Mines: levels 4 to 11 Level 4 stairs to The Dungeons of Doom Level 5 Level 6 many shops, a temple to Blind Io, a magic chest, some fountains Level 7 Level 8 Level 9 Level 10 Level 11 a magic chest, a fountain Sokoban: levels 5 to 8 Level 5 a magic chest Level 6 Level 7 Level 8 an altar to Blind Io, a magic chest stairs to The Dungeons of Doom Fort Ludios: Level 1 a magic chest portal to The Dungeons of Doom History has recorded: On T:1 you entered the Dungeons of Doom to retrieve the Amulet of Yendor! On T:203 you reached level 2 of The Dungeons of Doom. On T:462 you reached level 3 of The Dungeons of Doom. On T:895 you reached level 1 of The Gnomish Mines. On T:986 you advanced to experience level 2. On T:1085 you reached level 4 of The Dungeons of Doom. On T:1309 you advanced to experience level 3. On T:1739 you advanced to experience level 4. On T:1870 you reached level 5 of The Dungeons of Doom. On T:2107 you reached level 6 of The Dungeons of Doom. On T:2401 you advanced to experience level 5. On T:2633 you advanced to experience level 6. On T:2811 you reached level 7 of The Dungeons of Doom. On T:3280 you reached level 8 of The Dungeons of Doom. On T:3550 you advanced to experience level 7. On T:3873 you prayed to The Lady. On T:3930 you reached level 9 of The Dungeons of Doom. On T:4584 you reached level 4 of Sokoban. On T:4806 you opened a magic chest. On T:5058 you reached level 3 of Sokoban. On T:5773 you reached level 2 of Sokoban. On T:6245 you advanced to experience level 8. On T:6270 you reached level 1 of Sokoban. On T:7383 you advanced to experience level 9. On T:7383 you entered the Sokoban zoo. On T:7792 you reached level 10 of The Dungeons of Doom. On T:8634 you reached level 2 of The Gnomish Mines. On T:9141 you reached level 3 of The Gnomish Mines. On T:9508 you reached level 4 of The Gnomish Mines. On T:9688 you entered the Minetown temple On T:10653 you reached level 5 of The Gnomish Mines. On T:11229 you reached level 6 of The Gnomish Mines. On T:11934 you reached level 7 of The Gnomish Mines. On T:12085 you reached level 8 of The Gnomish Mines. On T:12085 you reached the bottom of the Mines. On T:12230 you advanced to experience level 10. On T:14266 you advanced to experience level 11. On T:14686 you prayed to The Lady. On T:14764 you wished for "+3 blessed fixed greased gray dragon scale mail". On T:15361 you reached level 11 of The Dungeons of Doom. On T:16080 you reached level 12 of The Dungeons of Doom. On T:16158 you reached level 13 of The Dungeons of Doom. On T:16370 you wished for "+3 blessed fixed grayswandir". On T:16909 you reached Fort Ludios. On T:17139 you reached level 14 of The Dungeons of Doom. On T:17608 you reached level 15 of The Dungeons of Doom. On T:18521 you reached level 16 of The Dungeons of Doom. On T:18521 you entered the Rogue tribute level. On T:18961 you reached level 17 of The Dungeons of Doom. On T:19693 you reached level 18 of The Dungeons of Doom. On T:23712 you reached level 19 of The Dungeons of Doom. On T:24121 you reached level 20 of The Dungeons of Doom. On T:24382 you advanced to experience level 12. On T:24547 you reached level 21 of The Dungeons of Doom. On T:28118 you prayed to The Lady. On T:28221 you prayed to The Lady. On T:28361 you prayed to The Lady. On T:28419 you prayed to The Lady. On T:28450 you prayed to The Lady. On T:28480 you prayed to The Lady. On T:28564 you prayed to The Lady. On T:29895 you advanced to experience level 13. On T:31565 you prayed to The Lady. On T:32684 you prayed to The Lady. On T:32941 you advanced to experience level 14. On T:33539 you reached level 22 of The Dungeons of Doom. On T:33555 you prayed to The Lady. Score breakdown: Gold: 0 ( 0 points) Experience: 14 levels ( 1300 points) Exploration: 22 levels ( 630 points) Discoveries: 79 items ( 2000 points) Variety of kills: 185 monsters ( 2000 points) Major goal: Sokoban/Mines ( 1500 points) Survival: died (score multiplied by 3) Total score: 22290 Latest messages: You kill the gremlin! The green slime misses. The iron golem bumps right into you! The iron golem punches you! The dwarf mummy bumps right into you! You kill the owlbear! The dwarf mummy scratches you! You destroy the dwarf mummy! The green slime misses. The green slime touches you! The iron golem punches you! The iron golem misses. You kill the red naga hatchling! You slash the green slime! You kill the green slime! The green slime misses. The iron golem misses. The iron golem punches you! You hack the ochre jelly! You slash the ochre jelly! You kill the ochre jelly! The umber hulk claws you! (2x) The umber hulk bites! The umber hulk's gaze confuses you! The green slime misses. The iron golem punches you! You die... Final status: Aloha woodfighter the Tourist, killed by an iron golem... You died in The Dungeons of Doom on dungeon level 22 with 22290 points, and 15 pieces of gold, after 33572 moves. You were level 14 with a maximum of 138 hit points when you died.